 Dungeon Crawl Stone Soup version 0.22.1-1-ga44c0e56f4 (webtiles) character file.

28962 KleinerIrrer the Black Belt (level 13, -1/84 HPs)
             Began as an Octopode Fighter on Oct 18, 2018.
             Was a High Priest of Cheibriados.
             Slain by an unseen horror (11 damage)
             ... on level 14 of the Dungeon.
             The game lasted 01:02:22 (16424 turns).

KleinerIrrer the Black Belt (Octopode Fighter)     Turns: 16424, Time: 01:02:22

Health: -1/84      AC:  3    Str: 30    XL:     13   Next: 42%
Magic:  18/18      EV: 22    Int: 24    God:    Cheibriados [*****.]
Gold:   554        SH: 15    Dex: 30    Spells: 11/12 levels left

rFire    . . .     SeeInvis .     - Unarmed
rCold    . . .     Gourm    .   a - +1 shield
rNeg     + . .     Faith    .   (helmet restricted)
rPois    .         Spirit   .   (no amulet)
rElec    .         Reflect  .   C - ring of stealth
rCorr    .         Harm     .   D - ring of positive energy
MR       .....                  (no ring)
Stlth    +++++.....             (no ring)
HPRegen  0.64/turn              (no ring)
MPRegen  0.16/turn              (no ring)
                                (no ring)
                                (no ring)

@: about to teleport, very slow
A: almost no armour, stealthy swim, amphibious, 8 rings, constrict 8, tentacle
spike 1, slimy green scales 1, camouflage 1, regeneration 1, gelatinous body 1
a: Bend Time, Temporal Distortion, Slouch, Step From Time, Renounce Religion


You were on level 14 of the Dungeon.
You worshipped Cheibriados.
Cheibriados was extremely pleased with you.
You were not hungry.

You visited 3 branches of the dungeon, and saw 17 of its levels.

You collected 891 gold pieces.
You spent 337 gold pieces at shops.

Inventory:

Hand Weapons
 b - a cursed +1 dagger
 j - a +2 dagger of pain
 A - the +8 trident of Youthful Indiscretion {flame, +Inv rPois Int+4}
   (You found it on level 9 of the Dungeon)

   It has been specially enchanted to burn those struck by it, causing extra
   injury to most foes and up to half again as much damage against particularly
   susceptible opponents.
   It affects your intelligence (+4).
   It protects you from poison.
   It lets you turn invisible.
 F - the +9 falchion "Killer Bee's Death" {slice, +Blink rF- Str+3 Int+3, unknown}
   (You took it off Maurice on level 11 of the Dungeon)

   It inflicts extra damage upon your enemies.
   It affects your strength (+3).
   It affects your intelligence (+3).
   It makes you vulnerable to fire.
   It lets you blink.
Missiles
 l - 40 poisoned needles
 v - 2 needles of paralysis
 y - 6 needles of confusion
Armour
 a - a +1 shield (worn)
Jewellery
 C - a ring of stealth (left tentacle)
 D - a ring of positive energy (right tentacle)
Wands
 h - a wand of enslavement (28)
 k - a wand of acid (15)
 q - a wand of digging (28)
 w - a wand of polymorph (32)
 x - a wand of scattershot (2)
 G - a wand of disintegration (18)
Scrolls
 d - 4 scrolls of enchant armour
 e - 3 scrolls of teleportation
 f - 3 scrolls of enchant weapon
 i - 2 scrolls of immolation
 m - 2 scrolls of fog
 o - 10 scrolls of remove curse
 p - 4 scrolls of amnesia
 z - a scroll of fear
 E - a scroll of torment {unknown}
 H - a scroll of silence {unknown}
 J - a scroll of magic mapping
Potions
 g - 2 potions of brilliance
 n - 3 potions of mutation
 r - 4 potions of flight
 s - a potion of resistance
 t - 2 potions of lignification
 u - 3 potions of curing
 I - 3 potions of heal wounds {unknown}
 L - 2 potions of agility
Miscellaneous
 B - 2 sacks of spiders
Comestibles
 c - 39 rations
 K - 9 chunks of flesh


   Skills:
 * Level 6.4 Fighting
 + Level 9.2 Dodging
 - Level 1.0 Stealth
 + Level 9.5 Shields
 + Level 15.1 Unarmed Combat
 * Level 7.8 Invocations
 * Level 5.4 Evocations


You had 11 spell levels left.
You knew the following spells:

 Your Spells              Type           Power        Failure   Level  Hunger
a - Beastly Appendage     Tmut           #.....       28%         1    ##.....

Your spell library contained the following spells:

 Spells                   Type           Power        Failure   Level  Hunger
 Confusing Touch          Hex            #.....       28%         1    ##.....
 Flame Tongue             Conj/Fire      #....        28%         1    ##.....
 Magic Dart               Conj           #...         28%         1    ##.....
 Summon Small Mammal      Summ           #...         28%         1    ##.....
 Call Imp                 Summ           #.......     41%         2    ###....
 Searing Ray              Conj           #.....       41%         2    ###....
 Sticks to Snakes         Tmut           #.......     41%         2    ###....
 Throw Flame              Conj/Fire      #.....       41%         2    ###....
 Call Canine Familiar     Summ           #.......     65%         3    ####...
 Confuse                  Hex            #.......     65%         3    ####...
 Conjure Flame            Conj/Fire      #.......     65%         3    ####...
 Dazzling Spray           Conj/Hex       #.....       65%         3    ####...
 Gell's Gravitas          Tloc           #.........   65%         3    ####...
 Inner Flame              Hex/Fire       #.......     65%         3    ####...
 Spider Form              Tmut/Pois      #.........   65%         3    ####...
 Summon Guardian Golem    Hex/Summ       #.......     65%         3    ####...
 Force Lance              Conj/Tloc      #.......     96%         4    #####..
 Fulminant Prism          Conj/Hex       #.........   96%         4    #####..
 Ice Form                 Ice/Tmut       #.......     96%         4    #####..
 Iskenderun's Mystic Bla  Conj           #.......     96%         4    #####..
 Petrify                  Tmut/Erth      #.......     96%         4    #####..
 Sticky Flame             Conj/Fire      #.......     96%         4    #####..
 Summon Ice Beast         Ice/Summ       #.......     96%         4    #####..
 Summon Lightning Spire   Summ/Air       #.......     96%         4    #####..
 Blade Hands              Tmut           #.........   100%        5    ######.
 Fireball                 Conj/Fire      #.........   100%        5    ######.
 Metabolic Englaciation   Hex/Ice        #.........   100%        5    ######.
 Yara's Violent Unravell  Hex/Tmut       #.........   100%        5    ######.


Dungeon Overview and Level Annotations

Branches:
Dungeon (14/15)            Temple (1/1) D:5            Lair (2/6) D:10
    Orc (0/2) D:12
  Swamp: Lair:2-4    Shoals: Lair:2-4     Snake: Lair:2-4    Spider: Lair:2-4
 Vaults: D:13-14

Altars:
Ashenzari
Cheibriados
Dithmenos
Elyvilon
Fedhas
Gozag
Hepliaklqana
Kikubaaqudgha
Makhleb
Nemelex Xobeh
Okawaru
Qazlal
Ru
Sif Muna
Trog
Uskayaw
Vehumet
Wu Jian
Xom
Yredelemnul
Zin
The Shining One

Shops:
D:5 *   D:13 *

Annotations:
D:12 exclusion: oklob sapling


Innate Abilities, Weirdness & Mutations

You cannot wear most types of armour.
You are very stealthy in the water. (Stealth+)
You are amphibious.
You can wear up to eight rings at the same time.
You can use your tentacles to constrict eight enemies at once.
Your skin changes colour to match your surroundings (Stealth+).
Your rubbery body absorbs attacks. (AC +1, EV +1)
One of your tentacles bears a spike.
You are partially covered in slimy green scales. (AC +2)
Your natural rate of healing is unusually fast.


Message History

You tentacle-slap something.
You pierce something.
You tentacle-slap something. Something hits you! Something hits you!
Something misses you. Something hits you!
* * * LOW HITPOINT WARNING * * *
Something hits you.
* * * LOW HITPOINT WARNING * * *
You batter something!!
You pierce something.
You squeeze something. Something hits you.
* * * LOW HITPOINT WARNING * * *
You closely miss something.
You pierce something.
Something hits you.
* * * LOW HITPOINT WARNING * * *
You block something's attack.
You closely miss something.
Your tentacle spike misses something.
Something misses you.
You start resting.
Something hits you.
* * * LOW HITPOINT WARNING * * *
As you read the scroll of teleportation, it crumbles to dust.
You feel strangely unstable. Something hits you!
You die...

#.! #..
#.. # #.#
.#
#.###..###
#.........
#.........
#.##......
#@# .....
#.# ....
#.# ###
#.# #..
###


There were no monsters in sight!

Vanquished Creatures
  Frances (D:14)
  Azrael (D:14)
  Nessos (D:13)
  A hydra (D:13)
  A centaur warrior (D:13)
  5 two-headed ogres
  3 ugly things
  A deep elf mage (D:13)
  A manticore (D:13)
  Psyche (D:12)
  Maurice (D:11)
  A black mamba (Lair:2)
  A kobold demonologist (D:12)
  A gargoyle (D:10)
  3 spiny frogs
  A rime drake (Lair:2)
  A komodo dragon (Lair:1)
  An efreet (D:13)
  2 trolls
  A queen bee (D:13)
  3 meliai (D:13)
  4 hippogriffs
  2 hornets (D:12)
  4 blink frogs (Lair:1)
  Sigmund (D:6)
  A wyvern (D:10)
  2 fire elementals (D:14)
  10 yaks
  2 hungry ghosts
  4 humans (D:7)
  3 hell hounds (D:14)
  7 water moccasins
  Purgy (D:7)
  2 porcupines (Lair:2)
  7 sky beasts
  6 orc warriors
  A black bear (D:8)
  An ice beast (D:11)
  3 phantoms
  5 ogres
  3 wolves (D:10)
  12 centaurs
  A big kobold (D:9)
  6 bullfrogs
  A gnoll sergeant (D:9)
  3 scorpions
  39 killer bees
  3 electric eels (D:10)
  8 wights
  3 howler monkeys
  4 crimson imps
  2 centaur zombies
  4 bullfrog zombies
  14 hounds
  2 jellies
  2 orc priests
  2 bullfrog skeletons
  7 orc wizards
  Jessica (D:3)
  Terence (D:3)
  Ijyb (D:3)
  5 iguanas
  8 worker ants
  3 hound skeletons
  A howler monkey skeleton (D:4)
  Robin (D:3)
  18 adders
  11 gnolls
  5 shadow imps
  An ooze (D:6)
  3 adder zombies
  2 adder skeletons
  A dart slug (D:2)
  7 leopard geckos
  23 orcs
  8 ball pythons
  9 bats
  7 giant cockroaches
  17 goblins
  10 hobgoblins
  16 jackals
  11 kobolds
  3 quokkas
  2 frilled lizards
  A giant cockroach zombie (D:6)
  A jackal skeleton (D:5)
  A leopard gecko skeleton (D:4)
  A quokka zombie (D:6)
  8 rats
401 creatures vanquished.

Vanquished Creatures (collateral kills)
  A wyvern skeleton (D:10)
  2 orc wizards (D:10)
3 creatures vanquished.

Vanquished Creatures (others)
  An orc warrior (D:6)
  A bullfrog (D:6)
  A howler monkey (D:6)
  A jelly (D:6)
  A worker ant (D:6)
  A quokka (D:3)
  4 fungi (Lair:1)
  6 plants
16 creatures vanquished.

Grand Total: 420 creatures vanquished

Notes
Turn   | Place    | Note
-------+----------+-------------------------------------------
     0 | D:1      | KleinerIrrer the Octopode Fighter began the quest for the
                  | Orb.
     0 | D:1      | Reached XP level 1. HP: 16/16 MP: 1/1
   145 | D:1      | Reached XP level 2. HP: 12/21 MP: 2/2
   602 | D:1      | Reached XP level 3. HP: 26/26 MP: 3/3
   795 | D:2      | Reached skill level 1 in Stealth
   869 | D:2      | Found a faded altar of an unknown god.
  1111 | D:2      | Reached skill level 3 in Unarmed Combat
  1499 | D:2      | Reached XP level 4. HP: 31/31 MP: 4/4
  1544 | D:3      | Found a white marble altar of Elyvilon.
  1626 | D:3      | Noticed a phantom
  1636 | D:3      | Reached skill level 4 in Unarmed Combat
  1636 | D:3      | Reached XP level 5. HP: 17/36 MP: 5/5
  1640 | D:3      | Killed a phantom
  1880 | D:3      | Reached skill level 5 in Unarmed Combat
  1880 | D:3      | Reached XP level 6. HP: 39/42 MP: 6/6
  2163 | D:3      | Noticed Robin
  2196 | D:3      | Killed Robin
  2588 | D:3      | Noticed Ijyb
  2601 | D:3      | Killed Ijyb
  2617 | D:3      | Reached skill level 6 in Unarmed Combat
  2673 | D:3      | Noticed Terence
  2685 | D:3      | Killed Terence
  2883 | D:3      | Noticed Jessica
  2889 | D:3      | Killed Jessica
  2889 | D:3      | Reached XP level 7. HP: 44/46 MP: 7/7
  3568 | D:4      | HP: 1/46 [ogre/giant club (12)]
  3902 | D:4      | Reached skill level 7 in Unarmed Combat
  4107 | D:4      | Noticed Purgy
  4756 | D:5      | Entered Level 5 of the Dungeon
  4944 | D:5      | Reached XP level 8. HP: 34/52 MP: 8/8
  5164 | D:5      | Reached skill level 8 in Unarmed Combat
  5555 | D:5      | Found Jiluq's General Store.
  5567 | D:5      | Bought a scroll of identify for 28 gold pieces
  5567 | D:5      | Bought a scroll of remove curse for 42 gold pieces
  5567 | D:5      | Bought a potion of curing for 42 gold pieces
  6031 | D:6      | Gained mutation: Your natural rate of healing is unusually
                  | fast. [potion of mutation]
  6031 | D:6      | Gained mutation: You have a pair of small antennae on your
                  | head. [potion of mutation]
  6031 | D:6      | Gained mutation: You expend magic power (3 MP) to
                  | strengthen your wands. [potion of mutation]
  6054 | D:6      | Found a burning altar of Makhleb.
  6104 | D:6      | Noticed a green death
  6105 | D:6      | Found a glowing silver altar of Zin.
  6106 | D:6      | Noticed an angel
  6205 | D:6      | Reached skill level 5 in Shields
  6205 | D:6      | Reached skill level 9 in Unarmed Combat
  6351 | D:6      | Reached skill level 5 in Dodging
  6351 | D:6      | Reached XP level 9. HP: 39/56 MP: 9/9
  6382 | D:6      | Found a shimmering altar of Xom.
  6391 | D:6      | Lost mutation: You have a pair of small antennae on your
                  | head. [potion of mutation]
  6391 | D:6      | Lost mutation: You expend magic power (3 MP) to strengthen
                  | your wands. [potion of mutation]
  6391 | D:6      | Gained mutation: You are partially covered in slimy green
                  | scales. (AC +2) [potion of mutation]
  6391 | D:6      | Gained mutation: One of your tentacles bears a spike.
                  | [potion of mutation]
  6619 | D:6      | Noticed Sigmund
  6657 | D:6      | Killed Sigmund
  6657 | D:6      | Reached skill level 10 in Unarmed Combat
  7004 | D:7      | Killed Purgy
  7466 | D:7      | Reached skill level 11 in Unarmed Combat
  7807 | D:8      | Reached XP level 10. HP: 53/63 MP: 10/10
  8880 | D:9      | Found a shattered altar of Ashenzari.
  8881 | D:9      | Found a shadowy altar of Dithmenos.
  8881 | D:9      | Found a sparkling altar of Nemelex Xobeh.
  8882 | D:9      | Found a hide-covered altar of Uskayaw.
  8947 | D:10     | Entered Level 10 of the Dungeon
  8965 | D:9      | Learned a level 1 spell: Beastly Appendage
  9358 | D:5      | Found a staircase to the Ecumenical Temple.
  9367 | Temple   | Entered the Ecumenical Temple
  9440 | Temple   | Became a worshipper of Cheibriados the Contemplative
  9840 | D:9      | Reached * piety under Cheibriados
  9894 | D:9      | Reached skill level 12 in Unarmed Combat
  9998 | D:9      | Got a bloodstained trident
  9999 | D:9      | Identified the +8 trident of Youthful Indiscretion {flame,
                  | +Inv rPois Int+4} (You found it on level 9 of the Dungeon)
 10025 | D:9      | Reached skill level 1 in Invocations
 10426 | D:9      | Reached ** piety under Cheibriados
 10567 | D:10     | Reached XP level 11. HP: 25/67 MP: 11/13
 10807 | D:10     | Found a staircase to the Lair.
 11080 | D:10     | Noticed a two-headed ogre
 11086 | D:10     | Killed a two-headed ogre
 11187 | D:10     | Reached *** piety under Cheibriados
 11335 | D:10     | Reached skill level 13 in Unarmed Combat
 11337 | D:10     | Noticed a two-headed ogre
 11343 | D:10     | Killed a two-headed ogre
 11583 | Lair:1   | Entered Level 1 of the Lair of Beasts
 12040 | Lair:1   | Reached **** piety under Cheibriados
 12131 | Lair:1   | Noticed a fire dragon
 12335 | Lair:2   | Reached skill level 5 in Invocations
 12532 | Lair:2   | Noticed a five-headed hydra
 12773 | D:11     | Noticed a brown ugly thing
 12775 | D:11     | Noticed a green ugly thing
 12785 | D:11     | Killed a brown ugly thing
 12785 | D:11     | Reached XP level 12. HP: 55/74 MP: 14/16
 12786 | D:11     | Reached skill level 1 in Evocations
 12879 | D:11     | Noticed Maurice
 12914 | D:11     | Reached ***** piety under Cheibriados
 13154 | D:11     | Noticed a two-headed ogre
 13323 | D:11     | Noticed a two-headed ogre
 13333 | D:11     | Killed a two-headed ogre
 13333 | D:11     | Reached skill level 14 in Unarmed Combat
 13799 | D:11     | Killed Maurice
 13804 | D:11     | Got a polished falchion {slice}
 13886 | D:11     | Killed a two-headed ogre
 14092 | D:12     | Noticed Psyche
 14101 | D:12     | Killed Psyche
 14161 | D:12     | Reached skill level 5 in Fighting
 14430 | D:12     | Found a staircase to the Orcish Mines.
 14914 | D:13     | Reached ****** piety under Cheibriados
 14996 | D:13     | Noticed a centaur warrior
 15006 | D:13     | Killed a centaur warrior
 15092 | D:13     | Noticed a two-headed ogre
 15134 | D:13     | Killed a two-headed ogre
 15210 | D:13     | Found Qyll's Assorted Antiques.
 15213 | D:13     | Bought a wand of acid (13) for 184 gold pieces
 15213 | D:13     | Bought 2 fizzy cyan potions for 41 gold pieces
 15240 | D:13     | Noticed Nessos
 15244 | D:13     | Killed Nessos
 15244 | D:13     | Reached XP level 13. HP: 51/83 MP: 12/18
 15692 | D:14     | Noticed Azrael
 15960 | D:14     | Killed Azrael
 15960 | D:14     | Reached skill level 5 in Evocations
 15962 | D:14     | Reached skill level 15 in Unarmed Combat
 16358 | D:14     | Noticed Frances
 16372 | D:14     | Killed Frances
 16424 | D:14     | Slain by an unseen horror

Skill      XL: |  1  2  3  4  5  6  7  8  9 10 11 12 13 |
---------------+----------------------------------------+-----
Stealth        | 1 |  1.0
Unarmed Combat | 3 4 5 6 7 9 11 12 13 14 15 | 15.1
Shields        | 4 5 6 7 8 9 |  9.5
Dodging        | 4 5 6 7 8 9 |  9.2
Invocations    | 2 5 7 |  7.8
Fighting       | 4 5 6 |  6.4
Evocations     | 4 5 |  5.4

Action                   |  1- 3 |  4- 6 |  7- 9 | 10-12 | 13-15 || total
-------------------------+-------+-------+-------+-------+-------++-------
Melee: Unarmed           |    80 |    95 |   299 |   424 |    71 ||   969
       Tentacles         |    19 |    27 |    65 |   142 |    33 ||   286
       Constrict         |    25 |    29 |    48 |    92 |     9 ||   203
       Punch             |     1 |     5 |    25 |    77 |    15 ||   123
       Kick              |       |       |    42 |   208 |    45 ||   295
       Trident           |       |       |       |    22 |       ||    22
Invok: Slouch            |       |       |       |     3 |     1 ||     4
       Temporal Distorti |       |       |       |     1 |       ||     1
Evoke: Wand              |       |       |       |    12 |     1 ||    13
  Use: Potion            |       |     4 |     3 |     1 |     1 ||     9
       Scroll            |       |       |    10 |     9 |     2 ||    21
 Stab: Sleeping          |    11 |     4 |     8 |    14 |     1 ||    38
       Distracted        |       |     1 |       |     1 |       ||     2
  Eat: Chunk             |     2 |     4 |    12 |    13 |     1 ||    32
       Ration            |       |       |     2 |     1 |     1 ||     4
Armor: Skin              |     3 |     3 |    15 |    18 |     4 ||    43
Dodge: Dodged            |    30 |    28 |   109 |   174 |    56 ||   397
Block: Shield            |    21 |    36 |   111 |   204 |    69 ||   441
